 Dungeon Crawl Stone Soup version 0.30-a0-779-g7971cf19c3 (webtiles) character file.

Game seed: 4715653013143875278

641 Flugslaktarn the Chopper (level 7, 0/62 HPs)
             Began as a Minotaur Fighter on Feb 17, 2023.
             Slain by a lemure (4 damage)
             ... led by Pikel
             ... on level 5 of the Dungeon.
             The game lasted 00:02:15 (3100 turns).

Flugslaktarn the Chopper (Minotaur Fighter)         Turns: 3100, Time: 00:02:16

Health: 0/62       AC:  6    Str: 21    XL:     7   Next: 26%
Magic:  6/6        EV:  7    Int:  5    God:
Gold:   204        SH: 10    Dex: 11    Spells: 6/6 levels left

rFire   . . .      SeeInvis .    a - +0 war axe
rCold   . . .      Faith    .    c - +0 buckler
rNeg    . . .      Spirit   .    o - +0 chain mail
rPois   .          Reflect  +    (helmet restricted)
rElec   .          Harm     .    (no cloak)
rCorr   .          Rampage  .    (no gloves)
Will    .....                    (no boots) Stlth
                                 g - amulet of reflection
HPRegen 0.30/turn                (no ring)
MPRegen 0.10/turn                (no ring)

@: corroded
A: horns 2, retaliatory headbutt
a: no special abilities


You were on level 5 of the Dungeon.
You visited 1 branch of the dungeon, and saw 5 of its levels.

You collected 204 gold pieces.

Inventory:

Hand Weapons
 a - a +0 war axe (weapon)
 x - the +10 dark maul {heavy}
   (You found it on level 5 of the Dungeon)
Armour
 b - a +0 scale mail
 c - a +0 buckler (worn)
 o - a +0 chain mail (worn)
   (You found it on level 2 of the Dungeon)
Jewellery
 g - an amulet of reflection (around neck)
   (You found it on level 1 of the Dungeon)
Scrolls
 d - a scroll of acquirement {unknown}
 e - a scroll of poison {unknown}
 f - a scroll of magic mapping {unknown}
 i - a scroll of vulnerability {unknown}
 l - 3 scrolls of identify {unknown}
 m - a scroll of enchant armour {unknown}
 n - a scroll of blinking {unknown}
 p - a scroll of immolation {unknown}
 q - a scroll of fear {unknown}
 r - 2 scrolls of teleportation {unknown}
 t - a scroll of fog {unknown}
 u - a scroll of noise {unknown}
 v - a scroll of silence {unknown}
Potions
 h - 2 potions of haste
 j - a potion of cancellation {unknown}
 k - a potion of degeneration {unknown}
 s - a potion of berserk rage {unknown}
 w - a potion of ambrosia {unknown}


   Skills:
 + Level 5.7 Fighting
 * Level 6.2(6.4) Axes
 - Level 2.1(4.5) Maces & Flails
 + Level 5.7 Armour
 - Level 4.9 Shields


You had 6 spell levels left.
You didn't know any spells.
Your spell library was empty.

Dungeon Overview and Level Annotations

Branches:
Dungeon (5/15)
 Temple: D:4-7

Altars:

Shops:
D:2 ![?   D:4 [

Annotations:
D:5 Pikel


Innate Abilities, Weirdness & Mutations

You have a pair of horns on your head.
You reflexively headbutt those who attack you in melee.


Message History

You closely miss Pikel. The lemure hits you. Pikel closely misses you.
You furiously retaliate!
You headbutt Pikel! You hit the lemure. You headbutt the lemure.
You kill the lemure!
That felt strangely unrewarding.
You closely miss Pikel. You block Pikel's attack. The lemure hits you.
You block Pikel's attack. Pikel attacks as you move away!
Pikel hits you with a +1 whip of flaming.
Pikel burns you. The lemure attacks as you move away!
You block the lemure's attack.
Found a stone staircase leading up.
Found 14 gold pieces.
The lemure hits you but does no damage. You block the lemure's attack.
The lemure attacks as you move away! The lemure hits you.
Found 8 gold pieces.
There is a stone staircase leading up here.
You block the lemure's attack.
You climb upwards.
There is a stone staircase leading down here.
You barely miss the lemure. Your headbutt misses the lemure.
The lemure hits you.
You closely miss the lemure. Your headbutt misses the lemure.
The lemure hits you but does no damage.
You closely miss the lemure. You headbutt the lemure!
The lemure is moderately wounded.
The lemure hits you.
You slash the lemure!
The lemure is severely wounded.
The lemure hits you but does no damage. x2
You closely miss the lemure.
The lemure is severely wounded.
The lemure closely misses you.
You hit the lemure. Your headbutt misses the lemure.
The lemure is severely wounded.
The lemure hits you.
You hit the lemure.
The lemure is severely wounded.
The lemure hits you.
You barely miss the lemure.
The lemure is severely wounded.
The lemure hits you.
You slash the lemure!
You kill the lemure!
That felt strangely unrewarding.
No target in view!
No target in view!
You start resting.
HP restored.
There is a stone staircase leading down here.
You climb downwards.
Level annotation: Pikel The lemure hits you but does no damage.
Pikel closely misses you.
There is a stone staircase leading up here.
You hit Pikel but do no damage. You headbutt Pikel.
Pikel is lightly wounded.
You slash the lemure! You block the lemure's attack. Pikel barely misses you.
You hit the lemure but do no damage.
The lemure is moderately wounded.
You hit the jelly. The acid corrodes you!
Your hands burn!
You hit Pikel. You block the lemure's attack. You block the jelly's attack.
Pikel hits you with a +1 whip of flaming.
Pikel burns you.
You hit the lemure but do no damage. Your headbutt misses the lemure.
The lemure is moderately wounded.
You closely miss Pikel. You hit the jelly.
Your hands burn!
The jelly hits you.
You are splashed with acid!
The lemure hits you but does no damage. You block Pikel's attack.
The lemure hits you but does no damage. The jelly hits you but does no damage.
Pikel hits you with a +1 whip of flaming.
Pikel burns you.
You slash the jelly!
You kill the jelly!
You closely miss the lemure. You hit Pikel but do no damage.
You block the lemure's attack. Pikel hits you but does no damage.
You barely miss the lemure. You headbutt the lemure.
The lemure is moderately wounded.
You slash Pikel! You slash the lemure! You block the lemure's attack.
Pikel hits you with a +1 whip of flaming!
Pikel burns you. The lemure barely misses you.
The lemure attacks as you move away! You block the lemure's attack.
The lemure attacks as you move away! The lemure closely misses you.
You furiously retaliate!
You headbutt the lemure. Pikel attacks as you move away!
Pikel hits you with a +1 whip of flaming.
* * * LOW HITPOINT WARNING * * *
Pikel burns you.
* * * LOW HITPOINT WARNING * * *
The lemure attacks as you move away! You block the lemure's attack.
Pikel attacks as you move away!
Pikel hits you with a +1 whip of flaming.
* * * LOW HITPOINT WARNING * * *
Pikel burns you.
* * * LOW HITPOINT WARNING * * *
The lemure attacks as you move away! The lemure hits you.
* * * LOW HITPOINT WARNING * * *
The lemure attacks as you move away! The lemure completely misses you.
The lemure attacks as you move away! The lemure hits you!
* * * LOW HITPOINT WARNING * * *
There is a stone staircase leading up here.
The lemure hits you.
You die...

.....##..≈.......≈..#
.#.......≈≈≈≈.≈≈≈≈..#
.###..#.............### .
#....##.#........... .
#...###...<........ .
##..## ##5##?#....# .
#...J####....#..$##
.##......###.##..#
<......[.....5K5@#
...[##..######.........#
."##......# ###....#..#
..##.####.# #....... ...#.#
..# #.....## ..)..#
#.###........### ...###
##..............####
...######..................
.......#..................#


You could see Pikel and 2 lemures.

Vanquished Creatures
  Duvessa (D:5)
  An ogre (D:5)
  2 lemures
  A necrophage (D:5)
  A scorpion (D:5)
  Dowan (D:5)
  A hound (D:5)
  A jelly (D:5)
  An iguana (D:3)
  2 orc wizards (D:4)
  3 adders
  2 ufetubi (D:4)
  3 worms
  4 dart slugs
  10 orcs
  7 endoplasms
  4 giant cockroaches
  8 goblins
  9 hobgoblins
  6 quokkas
  5 ball pythons
  6 bats
  4 frilled lizards
  7 kobolds
  7 rats
97 creatures vanquished.

Notes
Turn   | Place    | Note
-------+----------+-------------------------------------------
     0 | D:1      | Flugslaktarn the Minotaur Fighter began the quest for the
                  | Orb.
     0 | D:1      | Reached XP level 1. HP: 19/19 MP: 0/0
    88 | D:1      | Reached XP level 2. HP: 27/27 MP: 1/1
   134 | D:1      | Reached skill level 3 in Axes
   606 | D:2      | Reached XP level 3. HP: 33/33 MP: 2/2
   677 | D:2      | Found a faded altar of an unknown god.
   843 | D:2      | Found Uwnoethruis's Magic Scroll Emporium.
   880 | D:2      | Found Jonuev Kuquu's Armour Boutique.
  1140 | D:2      | Found Moacumoe's Distillery.
  1286 | D:3      | Reached skill level 4 in Axes
  1286 | D:3      | Reached XP level 4. HP: 14/40 MP: 3/3
  1421 | D:3      | Identified the +1 leather armour of Verdant Lucidity {Harm
                  | Fly rElec rC- Stlth+}
  1921 | D:4      | Found Fylososo's Armour Shop.
  2017 | D:4      | Reached XP level 5. HP: 47/47 MP: 4/4
  2551 | D:5      | Entered Level 5 of the Dungeon
  2559 | D:5      | Reached skill level 5 in Axes
  2559 | D:5      | Reached XP level 6. HP: 50/55 MP: 5/5
  2581 | D:5      | Found the +10 dark maul {heavy}
  2653 | D:5      | Noticed Dowan
  2654 | D:5      | Noticed Duvessa
  2662 | D:5      | Killed Duvessa
  2663 | D:5      | Reached skill level 5 in Fighting
  2663 | D:5      | Reached skill level 5 in Armour
  2667 | D:5      | Killed Dowan
  2668 | D:5      | Reached skill level 6 in Axes
  2709 | D:5      | Reached skill level 1 in Maces & Flails
  2709 | D:5      | Reached XP level 7. HP: 13/61 MP: 6/6
  2950 | D:5      | Noticed Pikel
  3098 | D:5      | HP: 3/62 [lemure[Pikel] (8)]
  3100 | D:5      | Slain by a lemure

Illustrated notes

Levels and vault maps discovered:
D:1:      lemuel_arrival_broad_hall, layout_loops_cross,
          chequers_serial_rivers_micro_c
D:2:      layout_loops_ring, serial_shops, shop, shop, nicolae_shop_crystal,
          ebering_ecumenical_altar_webs
D:3:      layout_rooms
D:4:      layout_rooms, serial_shops, shop_statue, kennysheep_opposing_triangles
D:5:      layout_rooms, mainiacjoe_overflow_brackets,
          minmay_temple_entry_proselytizer, uniq_duvessa, uniq_pikel,
          uniq_edmund

Skill      XL: |  1  2  3  4  5  6  7 |
---------------+----------------------+-----
Axes           | 3 4 5 6 |  6.2
Fighting       | 4 5 |  5.7
Armour         | 4 5 |  5.7
Shields        | 4 |  4.9
Maces & Flails | 1 2 |  2.1

Action                     |  1- 3 |  4- 6 |  7- 9 || total
---------------------------+-------+-------+-------++-------
  Melee: War axe           |    85 |    95 |    24 ||   204
         Headbutt          |     8 |    18 |     4 ||    30
    Use: Potion            |       |     1 |       ||     1
 Armour: Scale mail        |    26 |       |       ||    26
         Chain mail        |     3 |    51 |     9 ||    63
  Dodge: Dodged            |    33 |    25 |     9 ||    67
  Block: Buckler           |    24 |    31 |    16 ||    71
         Other             |       |     6 |       ||     6

Table legend: (Time is in decaauts)
 A = Elapsed time spent in this place.
 B = Non-inter-level travel time spent in this place.
 C = Inter-level travel time spent in this place.
 D = Time resting spent in this place.
 E = Time spent auto-exploring this place.
 F = Levels seen in this place.
 G = Mean time per level.
                   A        B        C        D        E       F      G
               +--------+--------+--------+--------+--------+-----+--------+
         Total |   3171 |   3090 |     81 |    411 |   2034 |   5 |  634.2 |
       Dungeon |   3171 |   3090 |     81 |    411 |   2034 |   5 |  634.2 |
               +--------+--------+--------+--------+--------+-----+--------+

Top non-repeatable levels by time:
     D:4: 799 daAuts
     D:2: 704 daAuts
     D:1: 620 daAuts
     D:3: 601 daAuts
     D:5: 446 daAuts
